 Dungeon Crawl Stone Soup version 0.20-a0-507-gc86f373 (webtiles) character file.

85671 kroki the Unseen (level 15, 74/74 HPs)
             Began as a Felid Enchanter on Jan 20, 2017.
             Was the Champion of Dithmenos.
             Quit the game on level 1 of the Spider Nest on Jan 21, 2017.
             The game lasted 01:59:44 (48158 turns).

kroki the Unseen (Felid Enchanter)                 Turns: 48158, Time: 01:59:45

Health: 74/74      AC:  3    Str:  4    XL:     15   Next: 38%
Magic:  24/24      EV: 33    Int: 23    God:    Dithmenos [******]
Gold:   359        SH:  0    Dex: 20    Spells: 0/25 levels left
                                        Lives:  1   Deaths: 1

rFire    . . .     SeeInvis +     - Unarmed
rCold    + + .     Gourm    .   (armour unavailable)
rNeg     . . .     Faith    .   (shield unavailable)
rPois    +         Spirit   +   (helmet unavailable)
rElec    .         Reflect  .   (cloak unavailable)
rCorr    .         Harm     .   (gloves unavailable)
MR       +++++                  (boots unavailable)
Stlth    ++++++++++             D - amulet of guardian spirit {Spirit}
Regen    0.3/turn               z - ring "Diel" {rPois rC+ MR+}
                                j - ring of the Mage {Wiz MR++ Int+3}

@: wreathed by umbra, quick
A: no armour, no weapons or thrown items, stealth, claws 1, fangs 3, see
invisible, carnivore 3, speed 1, shaggy fur 3, slow metabolism 1, sharp paws
a: Shadow Step, Shadow Form, Renounce Religion


You were on level 1 of the Spider Nest.
You worshipped Dithmenos.
Dithmenos was exalted by your worship.
You were not hungry.

You visited 7 branches of the dungeon, and saw 27 of its levels.
You also visited: Labyrinth and Volcano.

You collected 2341 gold pieces.
You spent 1982 gold pieces at shops.

Inventory:

Jewellery
 j - the ring of the Mage (left paw) {Wiz MR++ Int+3}
   (You bought it in a shop on level 2 of the Orcish Mines)

   [ring of wizardry]

   It improves your spell success rate.
   It affects your intelligence (+3).
   It affects your resistance to hostile enchantments.
 s - an uncursed ring of wizardry {Wiz+, !d}
   (You found it on level 7 of the Dungeon)
 z - the ring "Diel" (right paw) {rPois rC+ MR+}
   (You bought it in a shop on level 2 of the Orcish Mines)

   [ring of poison resistance]

   It protects you from cold.
   It protects you from poison.
   It affects your resistance to hostile enchantments.
 D - an amulet of guardian spirit (around neck) {Spirit}
   (You bought it in a shop on level 2 of the Orcish Mines)
 I - an uncursed ring of protection from fire {rF+, !d}
   (You found it on level 4 of the Lair of Beasts)
Wands
 p - a wand of iceblast (7/15)
   (You found it on level 3 of the Lair of Beasts)
 q - a wand of acid (0/15)
   (You found it on level 13 of the Dungeon)
 w - a wand of acid (2/15)
   (You found it on level 1 of the Lair of Beasts)
 y - a wand of paralysis (12/24)
   (You found it on level 1 of the Lair of Beasts)
 F - a wand of iceblast (9/15)
   (You found it on level 11 of the Dungeon)
 O - a wand of lightning (3/15)
   (You found it on level 6 of the Lair of Beasts)
 P - a wand of paralysis (8/24)
   (You found it on level 12 of the Dungeon)
Scrolls
 c - 3 scrolls of magic mapping {!r}
 d - 9 scrolls of recharging
 k - 12 scrolls of remove curse
 m - 2 scrolls of teleportation
 v - 2 scrolls of identify
 G - a scroll of amnesia
 L - a scroll of silence
 N - 2 scrolls of summoning
Potions
 e - 4 potions of cancellation
 f - 3 potions of haste
 h - 2 potions of agility
 l - 3 potions of resistance
 n - 7 potions of lignification {!q}
 r - a potion of flight
 t - 4 potions of curing
 u - 3 potions of might
 x - a potion of cure mutation {!q}
 E - 7 potions of berserk rage {!q}
 M - 3 potions of magic
Miscellaneous
 a - a sack of spiders
 A - a fan of gales (inert)
   (You found it in a labyrinth)
Comestibles
 b - 9 meat rations {@e2}
 g - 20 royal jellies
 i - 2 royal jellies
 o - 3 royal jellies


   Skills:
 + Level 13.3 Fighting
 + Level 16.4 Dodging
 - Level 20.6 Stealth
 + Level 13.1 Unarmed Combat
 - Level 5.9 Spellcasting
 - Level 11.5 Hexes
 - Level 5.0 Charms
 * Level 4.4 Invocations


You couldn't memorise any spells.
You knew the following spells:

 Your Spells              Type           Power        Failure   Level  Hunger
a - Dazzling Spray        Conj/Hex       ####..       1%          3    #......
b - Tukima's Dance        Hex            ######..     1%          3    #......
c - Confuse               Hex            ######..     1%          3    #......
d - Invisibility          Hex            ######..     4%          6    ######.
e - Deflect Missiles      Chrm/Air       ###.......   98%         6    ######.
v - Corona                Hex            ######.      1%          1    None
A - Ozocubu's Armour      Chrm/Ice       ###.....     4%          3    #......


Dungeon Overview and Level Annotations

Branches:
Dungeon (15/15)            Temple (1/1) D:7            Lair (6/6) D:8
  Swamp (1/4) Lair:4       Spider (1/4) Lair:3        Slime (0/5) Lair:5
    Orc (2/2) D:10            Elf (1/3) Orc:2        Vaults (0/5) D:13
 Depths (0/5) D:15

Altars:
Ashenzari
Cheibriados
Dithmenos
Elyvilon
Fedhas
Gozag
Hepliaklqana
Kikubaaqudgha
Makhleb
Nemelex Xobeh
Okawaru
Qazlal
Ru
Sif Muna
Trog
Uskayaw
Vehumet
Xom
Yredelemnul
Zin
The Shining One
Beogh

Shops:
D:5 %   D:6 ?   D:9 [   D:11 [   D:13 [   Orc:1 }   Orc:2 *[=(

Annotations:
D:10 2 runed doors, exclusion: Erolcha
D:14 exclusion: ice statue
Lair:1 exclusion: hydra
Orc:1 100P's ghost, journeyman DsFi
Orc:2 exclusion: orc sorcerer


Innate Abilities, Weirdness & Mutations

You cannot wear armour.
You are incapable of wielding weapons or throwing items.
Your paws allow you to move quietly. (Stealth)
You have sharp claws.
You have razor-sharp teeth.
You have supernaturally acute eyesight. (SInv)
You are carnivorous and can eat meat at any time.
You cover ground quickly.
Your thick and shaggy fur keeps you warm. (AC +3, rC+)
You have a slow metabolism.
Your sharp claws are effective at attacking unaware monsters.


Message History

Your shadow mimicks your spell!
The redback appears confused.
* * * LOW HITPOINT WARNING * * *
You feel very sick.
The demonic crawler misses you. x2; The demonic crawler hits you!
* * * LOW HITPOINT WARNING * * *
You take 13 damage, and have 13/78 hp.
You now have 0/25 mp.
You scratch the demonic crawler but do no damage.
* * * LOW HITPOINT WARNING * * *
You feel sick. The demonic crawler hits you.
* * * LOW HITPOINT WARNING * * *
The demonic crawler misses you. x2
You take 4 damage, and have 9/78 hp.
You scratch the demonic crawler.
* * * LOW HITPOINT WARNING * * *
You feel sick.
The demonic crawler completely misses you. x2
The demonic crawler misses you.
You take 2 damage, and have 7/78 hp.
* * * LOW HITPOINT WARNING * * *
You feel sick.
You take 2 damage, and have 5/78 hp.
* * * LOW HITPOINT WARNING * * *
You feel sick.
You take 1 damage, and have 4/78 hp.
* * * LOW HITPOINT WARNING * * *
You feel sick.
You take 2 damage, and have 2/78 hp.
You feel much better.
You feel sick. The demonic crawler closely misses you.
The demonic crawler hits you but does no damage.
The demonic crawler completely misses you.
You regained 27 hp, and now have 29/78 hp.
Put on which piece of jewellery? (? for menu, Esc to quit)
Okay, then.
You feel sick.
The demonic crawler is no longer blind.
You take 1 damage, and have 28/78 hp.
You feel sick. The demonic crawler hits you.
The demonic crawler completely misses you. x2
You take 2 damage, and have 26/78 hp.
You feel sick.
You take 2 damage, and have 24/78 hp.
You feel sick. The demonic crawler closely misses you.
The demonic crawler misses you. The demonic crawler barely misses you.
You take 1 damage, and have 23/78 hp.
You feel sick.
You take 1 damage, and have 22/78 hp.
You feel sick. The demonic crawler misses you. The demonic crawler hits you.
* * * LOW HITPOINT WARNING * * *
The demonic crawler completely misses you.
You take 5 damage, and have 17/78 hp.
You feel sick.
You take 1 damage, and have 16/78 hp.
You feel sick.
You take 1 damage, and have 15/78 hp.
You feel sick.
You take 1 damage, and have 14/78 hp.
You feel sick.
You feel sick.
You take 1 damage, and have 13/78 hp.
Aim: a demonic crawler (lightly wounded, clinging, umbra)
The spray of energy hits the demonic crawler.
The demonic crawler is dazzled.
You feel sick.
The demonic crawler completely misses you. x2
The demonic crawler misses you.
You take 1 damage, and have 12/78 hp.
You now have 0/25 mp.
You feel sick.
You take 1 damage, and have 11/78 hp.
You feel sick.
You take 1 damage, and have 11/78 hp.
The demonic crawler is no longer blind.
You feel sick.
You take 1 damage, and have 10/78 hp.
You feel sick.
You take 1 damage, and have 9/78 hp.
You feel sick.
You take 1 damage, and have 9/78 hp.
You feel sick.
You take 1 damage, and have 8/78 hp.
Aim: a demonic crawler (lightly wounded, clinging, umbra)
The bolt of acid hits the demonic crawler.
The demonic crawler is splashed with acid.
The acid corrodes the demonic crawler!
Evoking this partially-identified wand wasted a few charges.
Aim: a demonic crawler (heavily wounded, covered in acid, clinging, umbra) Nothing appears to happen.
Okay, then.
You reach into the bag... ...but nothing happens.
You feel sick.
The demonic crawler completely misses you. x2
The demonic crawler closely misses you.
You take 1 damage, and have 8/78 hp.
Aim: a demonic crawler (moderately wounded, covered in acid, clinging, umbra)
The spray of energy hits the demonic crawler.
The demonic crawler is dazzled.
The demonic crawler misses you. x2
The demonic crawler completely misses you. x2
The demonic crawler hits you!
You die...
The demonic crawler completely misses you.
You are now level 15!
You rejoin the land of the living...
Health restored: 74; MP restored: 24

##..........#....##
###############...........#..###.
#..^.......^.....................
#..###.#########..#.....###.#..##
#..# #.# #....##........##...
#..# #.# #.....###.......^...
#..# #.# ##..................
#..# #.# ###................ #..#
#.# ##.@................ #..# #.#
#..........#........ #..# #.#
#........#......##†. #..# #.#
#.......##......#... #..# #.#
#####....####..######### #..#
#.###..?.....#..##.#...#.... #..#
#...######...#.........##...
#..###..##.....##^^#.............
#..##^##..#.^..^.##.#............


There were no monsters in sight!

Vanquished Creatures
  An emperor scorpion (Spider:1)
  An orc warlord (Orc:2)
  A ghost moth (Spider:1)
  2 entropy weavers (Spider:1)
  A red draconian (Volcano)
  A dire elephant (D:15)
  A minotaur (Lab)
  Erolcha (D:10)
  13 hydras
  2 centaur warriors
  2 dancing weapons (D:13)
  9 two-headed ogres
  2 tengu warriors
  The ghost of anet the Infuser, a journeyman DEWz of Ashenzari (Lair:2)
  A death yak (Lair:4)
  An orc high priest (Orc:2)
  A fire crab (Lair:6)
  A salamander mystic (Volcano)
  9 skeletal warriors
  7 unseen horrors
  Pikel (D:5)
  An obsidian statue (D:8)
  A necromancer (Lair:6)
  25 ugly things
  An orb spider (Spider:1)
  2 wolf spiders
  2 orc knights (Orc:2)
  6 deep elf magi
  6 salamanders (Volcano)
  6 orc sorcerers
  2 cyclopes (Orc:2)
  4 manticores
  12 elephants
  2 black mambas
  A torpor snail (Spider:1)
  4 centaur skeletons
  An efreet (D:15)
  5 rime drakes
  3 gargoyles
  17 spiny frogs
  A kobold demonologist (D:12)
  9 komodo dragons
  4 yaktaurs (D:15)
  4 demonic crawlers (Spider:1)
  2 queen bees
  A tengu conjurer (D:14)
  A minotaur zombie (Lab)
  8 trolls
  9 jumping spiders (Spider:1)
  5 meliai
  4 polar bears
  Grinder (D:3)
  7 hornets
  A harpy skeleton (D:15)
  Prince Ribbit (D:6)
  8 dream sheep
  22 blink frogs
  8 slime creatures
  9 hippogriffs
  A shadow (D:12)
  10 tarantellas (Spider:1)
  An air elemental (Elf:1)
  22 redbacks
  7 wyverns
  2 spriggans
  A water elemental (D:14)
  A wraith (D:12)
  29 yaks
  A steam dragon (Lair:4)
  4 hungry ghosts
  A human (shapeshifter) (D:14)
  4 basilisks
  3 vampire mosquitoes (D:15)
  Menkaure (D:7)
  9 wargs
  3 acid dragons
  2 swamp worms (Lair:4)
  6 water moccasins
  2 soldier ants
  4 porcupines
  Duvessa (D:5)
  16 orc warriors
  5 sky beasts
  4 slaves (D:5)
  3 ice beasts (D:8)
  3 phantoms
  3 eyes of draining
  2 necrophages
  12 ogres
  12 wolves
  10 centaurs
  5 big kobolds
  11 crocodiles
  21 bullfrogs
  A wyvern zombie (D:11)
  Dowan (D:5)
  A water moccasin zombie (D:6)
  3 scorpions
  5 jellies
  62 killer bees
  5 electric eels
  4 crimson imps
  6 centaur zombies
  A bullfrog zombie (D:11)
  5 hounds
  11 orc priests
  2 bullfrog skeletons
  22 orc wizards
  11 worker ants
  3 iguanas
  A hell rat (Lair:4)
  A polar bear simulacrum (Lair:6)
  A killer bee zombie (D:7)
  2 yak simulacra (Lair:6)
  3 wolf simulacra (Lair:6)
  2 worker ant zombies (D:10)
  19 adders
  10 gnolls
  4 shadow imps
  5 oozes
  An adder zombie (D:6)
  2 worms (D:5)
  5 dart slugs
  4 leopard geckos
  54 orcs
  2 ball pythons
  13 giant cockroaches
  42 goblins
  24 hobgoblins
  7 jackals
  24 kobolds
  9 quokkas
  9 bats
  5 frilled lizards
  A leopard gecko skeleton (D:7)
  A leopard gecko zombie (D:5)
  A quokka skeleton (D:4)
  10 rats
  5 river rat simulacra (Lair:6)
  4 fungi
901 creatures vanquished.

Vanquished Creatures (collateral kills)
  An orc knight (Orc:2)
  4 orc warriors
  An ogre (D:5)
  A wolf (Lair:2)
  4 killer bees (Lair:2)
  An orc priest (Orc:2)
  An orc wizard (Orc:2)
  A gnoll (D:3)
  5 orcs
  4 goblins (D:3)
  3 hobgoblins (D:3)
  2 kobolds (D:7)
  A plant (Lair:6)
29 creatures vanquished.

Vanquished Creatures (others)
  A meliai (D:14)
  An air elemental (Elf:1)
  12 dancing weapons
  An orc warrior (Orc:2)
  4 centaurs (D:14)
  A big kobold (D:8)
  2 killer bees (Lair:2)
  An orc (Orc:2)
  23 fungi
  28 plants
74 creatures vanquished.

Grand Total: 1004 creatures vanquished

Notes
Turn   | Place    | Note
-------+----------+-------------------------------------------
     0 | D:1      | kroki the Felid Enchanter began the quest for the Orb.
     0 | D:1      | Reached XP level 1. HP: 7/7 MP: 4/4
   535 | D:1      | Reached XP level 2. HP: 6/11 MP: 4/6
   539 | D:1      | Learned a level 2 spell: Ensorcelled Hibernation
   769 | D:1      | Reached skill level 2 in Unarmed Combat
  1647 | D:2      | Reached XP level 3. HP: 4/14 MP: 2/7
  1999 | D:2      | You fall through a shaft!
  2050 | D:3      | Reached skill level 3 in Unarmed Combat
  2117 | D:2      | Learned a level 3 spell: Confuse
  2411 | D:2      | Found an opulent altar of Gozag.
  2664 | D:2      | Reached XP level 4. HP: 17/18 MP: 8/8
  2874 | D:2      | Reached skill level 4 in Unarmed Combat
  3508 | D:3      | Noticed Grinder
  3537 | D:3      | Paralysed by Grinder for 3 turns
  3538 | D:3      | HP: 4/18 [Grinder (6)]
  4191 | D:3      | Reached skill level 5 in Hexes
  4357 | D:3      | Reached XP level 5. HP: 15/21 MP: 4/9
  5341 | D:3      | Paralysed by Grinder for 2 turns
  5704 | D:3      | Reached skill level 6 in Hexes
  6274 | D:3      | Reached skill level 7 in Hexes
  6360 | D:3      | Gained mutation: You are covered in thick fur. (AC +2) [Felid growth]
  6360 | D:3      | Reached XP level 6. HP: 21/24 MP: 1/10
  6376 | D:3      | Learned a level 3 spell: Tukima's Dance
  6895 | D:3      | Reached skill level 1 in Fighting
  7317 | D:3      | Reached skill level 2 in Fighting
  7578 | D:3      | Killed Grinder
  7578 | D:3      | Reached skill level 6 in Stealth
  7578 | D:3      | Reached XP level 7. HP: 30/30 MP: 8/11
  7962 | D:3      | Reached skill level 3 in Dodging
  8350 | D:3      | Reached skill level 3 in Fighting
  8350 | D:3      | Reached skill level 4 in Dodging
  9453 | D:5      | Entered Level 5 of the Dungeon
  9753 | D:5      | Reached skill level 5 in Dodging
  9777 | D:5      | Found Lucowitu's Food Boutique.
  9882 | D:5      | Reached skill level 4 in Fighting
  9889 | D:5      | Reached XP level 8. HP: 35/36 MP: 1/12
 10065 | D:5      | Reached skill level 6 in Dodging
 10179 | D:5      | Noticed Pikel
 10302 | D:5      | HP: 9/36 [Pikel/whip of electrocution (9)]
 10834 | D:5      | Noticed Dowan
 10836 | D:5      | Noticed Duvessa
 10872 | D:5      | Killed Duvessa
 10872 | D:5      | Reached skill level 5 in Fighting
 11152 | D:5      | Killed Dowan
 11168 | D:5      | Killed Pikel
 11168 | D:5      | Reached skill level 7 in Dodging
 11168 | D:5      | Reached skill level 8 in Stealth
 11168 | D:5      | Reached skill level 8 in Hexes
 11527 | D:6      | Reached skill level 9 in Hexes
 11609 | D:6      | Noticed Prince Ribbit
 11916 | D:6      | Killed Prince Ribbit
 11916 | D:6      | Reached XP level 9. HP: 41/41 MP: 3/13
 12022 | D:6      | Learned a level 3 spell: Dazzling Spray
 12548 | D:6      | Found Miusejoq's Magic Scroll Shoppe.
 12552 | D:6      | Bought a scroll of recharging for 95 gold pieces
 12552 | D:6      | Bought a scroll of immolation for 35 gold pieces
 12552 | D:6      | Bought a scroll of recharging for 95 gold pieces
 12552 | D:6      | Bought a scroll of identify for 20 gold pieces
 12552 | D:6      | Bought a scroll of identify for 20 gold pieces
 12552 | D:6      | Bought a scroll of identify for 20 gold pieces
 12858 | D:6      | Reached skill level 9 in Stealth
 13250 | D:6      | Reached skill level 8 in Dodging
 13250 | D:6      | Reached skill level 10 in Hexes
 13411 | D:6      | Reached skill level 6 in Fighting
 13553 | D:6      | Gained mutation: Your muscles are strong. (Str +2) [potion of beneficial mutation]
 13872 | D:7      | Reached skill level 10 in Stealth
 14165 | D:7      | Noticed Menkaure
 14358 | D:7      | Killed Menkaure
 14444 | D:7      | Found a staircase to the Ecumenical Temple.
 14453 | Temple   | Entered the Ecumenical Temple
 14577 | Temple   | Became a worshipper of Dithmenos the Shadowed
 14711 | D:7      | Reached skill level 11 in Hexes
 14931 | D:8      | Noticed a two-headed ogre
 14948 | D:8      | HP: 6/42 [two-headed ogre (5)]
 15273 | D:8      | Reached XP level 10. HP: 46/46 MP: 14/14
 15835 | D:8      | Learned a level 3 spell: Ozocubu's Armour
 15955 | D:8      | Reached skill level 1 in Charms
 16078 | D:8      | Noticed a two-headed ogre
 16099 | D:8      | Killed a two-headed ogre
 16099 | D:8      | Reached skill level 3 in Charms
 16198 | D:8      | Found a staircase to the Lair.
 16338 | D:8      | HP: 9/46 [two-headed ogre (17)]
 16610 | D:8      | Reached skill level 4 in Charms
 16659 | D:8      | Noticed an obsidian statue
 16777 | D:8      | Reached skill level 5 in Charms
 16847 | D:8      | HP: 8/46 [two-headed ogre (10)]
 16859 | D:8      | Reached * piety under Dithmenos
 16859 | D:8      | Reached skill level 9 in Dodging
 16882 | D:8      | Reached skill level 7 in Fighting
 17401 | D:8      | Killed a two-headed ogre
 17401 | D:8      | Reached skill level 5 in Unarmed Combat
 17692 | Lair:1   | Entered Level 1 of the Lair of Beasts
 17742 | Lair:1   | Reached skill level 6 in Unarmed Combat
 17761 | Lair:1   | Noticed a spiny frog
 17769 | Lair:1   | Killed a spiny frog
 17944 | Lair:1   | Reached skill level 10 in Dodging
 17947 | Lair:1   | Reached XP level 11. HP: 34/51 MP: 5/15
 18231 | Lair:1   | Reached skill level 8 in Fighting
 18231 | Lair:1   | Reached skill level 7 in Unarmed Combat
 18718 | Lair:1   | Noticed a seven-headed hydra
 18946 | Lair:1   | Reached skill level 11 in Stealth
 19126 | Lair:1   | Noticed an eight-headed hydra
 19148 | Lair:1   | Killed an eight-headed hydra
 19148 | Lair:1   | Reached skill level 8 in Unarmed Combat
 19277 | Lair:1   | Found a burning altar of Makhleb.
 19584 | Lair:2   | Reached ** piety under Dithmenos
 19591 | Lair:2   | Found a labyrinth entrance.
 19598 | Lab      | Entered a labyrinth
 20140 | Lab      | Noticed an unseen horror
 20144 | Lab      | Noticed an unseen horror
 20145 | Lab      | Killed an unseen horror
 20145 | Lab      | Reached skill level 1 in Invocations
 20150 | Lab      | Killed an unseen horror
 20150 | Lab      | Reached skill level 11 in Dodging
 20162 | Lab      | Noticed a minotaur
 20168 | Lab      | Killed a minotaur
 20168 | Lab      | Reached skill level 2 in Invocations
 20171 | Lab      | Got a scintillating iron amulet
 20268 | Lair:2   | Noticed anet's ghost (journeyman DEWz)
 20287 | Lair:2   | Killed anet's ghost
 20287 | Lair:2   | Reached skill level 12 in Stealth
 21035 | Lair:2   | Gained mutation: Your thick and shaggy fur keeps you warm. (AC +3, rC+) [Felid growth]
 21035 | Lair:2   | Reached XP level 12. HP: 35/56 MP: 1/16
 21037 | Lair:2   | HP: 4/56 [blink frog (17)]
 21298 | Lair:2   | Reached skill level 9 in Fighting
 21298 | Lair:2   | Reached skill level 9 in Unarmed Combat
 21933 | Lair:3   | Reached *** piety under Dithmenos
 22120 | Lair:3   | Found a hole to the Spider Nest.
 22258 | Lair:3   | Identified the amulet of the Jolly Dances {Inacc rN+} (You found it in a labyrinth)
 22312 | Lair:3   | Reached skill level 12 in Dodging
 23145 | Lair:4   | Reached skill level 10 in Fighting
 23308 | Lair:4   | Reached **** piety under Dithmenos
 23360 | Lair:4   | Reached skill level 10 in Unarmed Combat
 23744 | Lair:4   | Noticed a death yak
 23874 | Lair:4   | Killed a death yak
 23925 | Lair:4   | Reached skill level 13 in Dodging
 24000 | Lair:4   | Noticed a six-headed hydra
 24249 | Lair:4   | Killed a six-headed hydra
 24659 | Lair:4   | Reached ***** piety under Dithmenos
 24738 | Lair:4   | Reached XP level 13. HP: 54/62 MP: 12/17
 25267 | Lair:4   | Found a staircase to the Swamp.
 25476 | Lair:4   | Reached skill level 11 in Fighting
 25913 | Lair:5   | Reached skill level 11 in Unarmed Combat
 26277 | Lair:5   | Reached skill level 13 in Stealth
 26743 | Lair:5   | Reached skill level 14 in Dodging
 26936 | Lair:5   | Found a staircase to the Slime Pits.
 27360 | Lair:6   | Entered Level 6 of the Lair of Beasts
 28180 | Lair:6   | Found a shadowy altar of Dithmenos.
 29022 | Lair:6   | Reached skill level 3 in Spellcasting
 29195 | Lair:6   | Reached ****** piety under Dithmenos
 29352 | Lair:6   | Reached skill level 4 in Spellcasting
 29373 | Lair:6   | HP: 10/64 [yak (16)]
 29791 | Lair:6   | Reached XP level 14. HP: 68/68 MP: 20/22
 30151 | Lair:6   | Gained mutation: You are surrounded by a mild repulsion field. (EV +2) [potion of mutation]
 30151 | Lair:6   | Gained mutation: Your body sometimes deteriorates upon taking damage. [potion of mutation]
 30151 | Lair:6   | Gained mutation: Your body often deteriorates upon taking damage. [potion of mutation]
 30152 | Lair:6   | Gained mutation: Your muscles are very strong. (Str +4) [potion of mutation]
 30157 | Lair:6   | Reached skill level 5 in Spellcasting
 31134 | D:9      | Found Leshroast's Antique Armour Emporium.
 31276 | D:10     | Entered Level 10 of the Dungeon
 31406 | D:10     | Found a runed door.
 31413 | D:10     | Found a staircase to the Orcish Mines.
 31551 | D:10     | Noticed Erolcha
 31655 | D:10     | Found a runed door.
 31659 | D:10     | Reached skill level 12 in Fighting
 31842 | D:10     | Killed Erolcha
 32047 | Orc:1    | Entered Level 1 of the Orcish Mines
 32165 | Orc:1    | Found Xauc Lep's Gadget Emporium.
 32308 | Orc:1    | Noticed 100P's ghost (journeyman DsFi)
 32353 | Orc:2    | Entered Level 2 of the Orcish Mines
 32355 | Orc:2    | Reached skill level 12 in Unarmed Combat
 32371 | Orc:2    | Found a dark tunnel.
 32460 | Volcano  | Entered a volcano
 32485 | Volcano  | Found a bloodstained altar of Trog.
 32490 | Volcano  | Reached skill level 15 in Dodging
 32774 | Orc:2    | Found a staircase to the Elven Halls.
 32954 | Orc:2    | Noticed an orc warlord
 33976 | Orc:2    | Found a roughly hewn altar of Beogh.
 34049 | Orc:2    | Killed an orc warlord
 34457 | Orc:2    | HP: 1/69 [cyclops/large rock (28)]
 34459 | Orc:2    | Found a roughly hewn altar of Beogh.
 35023 | Orc:2    | Found Ozooggeon's General Store.
 35038 | Orc:2    | Found Ulaonur's Antique Weapon Boutique.
 35114 | Orc:2    | Found Zourgh's Jewellery Boutique.
 35122 | Orc:2    | Bought the ring of the Mage {Wiz MR++ Int+3} for 723 gold pieces
 35122 | Orc:2    | Bought the ring "Diel" {rPois rC+ MR+} for 554 gold pieces
 35135 | Orc:2    | Found Zihe's Antique Armour Boutique.
 35611 | D:8      | Identified the Collected Works on Damaging Displacement
 36224 | D:11     | Found Doanu's Armour Shoppe.
 36406 | D:11     | Reached skill level 16 in Dodging
 37068 | D:12     | Reached skill level 14 in Stealth
 37504 | D:12     | HP: 14/69 [orc warrior (15)]
 37778 | Orc:2    | Bought an uncursed amulet of guardian spirit for 420 gold pieces
 37999 | Orc:1    | HP: 14/69 [100P's ghost (10)]
 38373 | Elf:1    | Entered Level 1 of the Elven Halls
 38547 | Orc:2    | HP: 11/69 [deep elf archer/arrow (17)]
 38918 | D:12     | Reached XP level 15. HP: 73/73 MP: 24/24
 39105 | D:12     | Reached skill level 15 in Stealth
 39778 | D:12     | Learned a level 6 spell: Invisibility
 39785 | D:12     | Learned a level 6 spell: Deflect Missiles
 39929 | D:13     | Reached skill level 16 in Stealth
 40024 | D:13     | Found a gate to the Vaults.
 40215 | D:13     | Found Losuir's Antique Armour Emporium.
 40461 | D:13     | Reached skill level 17 in Stealth
 40827 | D:14     | HP: 18/73 [four-headed hydra (10)]
 41285 | D:14     | Reached skill level 18 in Stealth
 42355 | D:15     | Entered Level 15 of the Dungeon
 42625 | D:14     | Reached skill level 19 in Stealth
 43565 | D:15     | Reached skill level 20 in Stealth
 43672 | D:15     | HP: 17/73 [catoblepas/blast of calcifying dust (2)]
 44013 | D:14     | Lost mutation: Your body often deteriorates upon taking damage. [potion of cure mutation]
 44013 | D:14     | Lost mutation: Your body sometimes deteriorates upon taking damage. [potion of cure mutation]
 44013 | D:14     | Lost mutation: Your muscles are very strong. (Str +4) [potion of cure mutation]
 44013 | D:14     | Lost mutation: Your muscles are strong. (Str +2) [potion of cure mutation]
 44013 | D:14     | Lost mutation: You are surrounded by a mild repulsion field. (EV +2) [potion of cure mutation]
 44229 | D:15     | Found a staircase to the Depths.
 44672 | D:15     | Reached XP level 16. HP: 48/77 MP: 12/25
 45744 | D:14     | Upgraded the game from 0.20-a0-502-g555d78b to 0.20-a0-507-gc86f373
 45958 | Swamp:1  | Entered Level 1 of the Swamp
 45972 | Lair:4   | HP: 16/77 [spriggan rider/spear (20)]
 46401 | Lair:4   | Reached skill level 13 in Fighting
 46561 | Spider:1 | Entered Level 1 of the Spider Nest
 46639 | Spider:1 | Reached skill level 13 in Unarmed Combat
 46981 | Spider:1 | Reached skill level 3 in Invocations
 47019 | Spider:1 | HP: 19/78 [poisoned by a redback]
 47024 | Spider:1 | HP: 14/78 [poisoned by a redback]
 47029 | Spider:1 | HP: 11/78 [poisoned by a redback]
 47049 | Spider:1 | HP: 18/78 [poisoned by a redback]
 47054 | Spider:1 | HP: 10/78 [poisoned by a redback]
 47058 | Spider:1 | HP: 4/78 [poisoned by a redback]
 47069 | Spider:1 | HP: 11/78 [tarantella (4)]
 47161 | Spider:1 | HP: 17/78 [demonic crawler (8)]
 47534 | Spider:1 | Reached skill level 4 in Invocations
 48121 | Spider:1 | HP: 13/78 [demonic crawler (10)]
 48124 | Spider:1 | HP: 5/78 [poisoned by a redback]
 48126 | Spider:1 | HP: 2/78 [poisoned by a redback]
 48133 | Spider:1 | HP: 17/78 [demonic crawler (5)]
 48138 | Spider:1 | HP: 14/78 [poisoned by a redback]
 48144 | Spider:1 | HP: 11/78 [poisoned by a redback]
 48150 | Spider:1 | HP: 9/78 [poisoned by a redback]
 48156 | Spider:1 | HP: 8/78 [poisoned by a redback]
 48157 | Spider:1 | Slain by a demonic crawler
 48158 | Spider:1 | Reached XP level 15. HP: -1/74 MP: 0/24
 48158 | Spider:1 | Quit the game

Vault maps used:
D:1:      dpeg_arrival_rhombi
D:2:      first_bread, grunt_gozag_breadcrumbs
D:3:      minmay_goblin_kobold_castle, uniq_grinder
D:4:      kennysheep_decorative_pillar, kennysheep_minor_cross,
          kennysheep_another_room, hangedman_minor_gate_pass
D:5:      serial_shops, shop, uniq_pikel, uniq_duvessa
D:6:      serial_shops, nicolae_shop_behind_doors, uniq_prince_ribbit1
D:7:      the_bakery, uniq_menkaure
D:8:      minmay_statue_hallways, erik_lair_orcish_takeover,
          mrwooster_statue_mirror, grunt_decor_arrowhead, kennysheep_nondescript
D:9:      serial_shops, nicolae_shop_statue_plus
D:10:     minmay_orc_entry_guard_dogs, minmay_guarded_unrand_resistance,
          uniq_erolcha
D:11:     serial_shops, shop, grunt_ministairs_8, kennysheep_kite_vault
D:13:     erik_vaults_1, serial_shops, shop_statue
D:14:     kennysheep_cluttered_room, serial_bayou_ford_a, minivault_16
D:15:     hangedman_depths_entry_try_elsewhere_first
Temple:   compressed_dpeg_circular_temple
Lair:1:   wad_woods_stonehenge, nicolae_lair_grove_arrangements
Lair:2:   lab_entry_generic, special_room, serial_bayou_pond_e
Lair:3:   spider_nest_entry_webs, serial_bayou_shore_b, serial_bayou_shore_a
Lair:4:   regret_index_tunnel_blossom, minmay_swamp_entry_worms, st_stairs_7,
          fungi_pond_lemuel, minivault_23
Lair:5:   slime_dummy, cheibrodos_lair_lostbears
Lair:6:   due_jungle_book, basic_altar, serial_bayou_pond_c,
          eino_house_with_fridge, lemuel_fruit_tree, infiniplex_staircase_pool
Swamp:1:  basic_altar, uniq_louise
Spider:1: nicolae_spider_circle_web
Orc:1:    serial_shops, shop
Orc:2:    grunt_orc_cross, enter_volcano_4, basic_altar
Elf:1:    minmay_elf_arrival_plus, serial_shops, shop,
          kennysheep_underground_church, nicolae_elf_v_pinch
Lab:      labyrinth_hidden_loot, nicolae_lab_quarters, nicolae_lab_do_over,
          labyrinth_skeletal_remains
Volcano:  kennysheep_volcano_temple

Skill      XL: |  1  2  3  4  5  6  7  8  9 10 11 12 13 14 15 16 |
---------------+-------------------------------------------------+-----
Unarmed Combat | 2 3 4 6 8 10 11 12 13 | 13.1
Hexes          | 5 7 9 11 | 11.5
Fighting       | 2 4 5 6 7 8 10 11 12 13 | 13.3
Stealth        | 6 8 10 12 13 14 20 | 20.6
Dodging        | 5 7 8 10 11 13 14 16 | 16.4
Charms         | 5 |  5.0
Invocations    | 2 4 |  4.4
Spellcasting   | 4 5 |  5.9

Action                   |  1- 3 |  4- 6 |  7- 9 | 10-12 | 13-15 | 16-18 || total
-------------------------+-------+-------+-------+-------+-------+-------++-------
Melee: Unarmed           |   104 |   228 |   443 |   630 |  1311 |   176 ||  2892
       Bite              |     4 |    16 |    42 |    79 |   135 |     9 ||   285
       Punch             |       |     1 |    15 |    26 |    69 |     6 ||   117
 Cast: Corona            |     4 |       |       |       |       |       ||     4
       Ensorcelled Hiber |    34 |    33 |    22 |       |       |       ||    89
       Confuse           |     1 |    24 |    71 |   165 |   253 |    43 ||   557
       Tukima's Dance    |       |       |    38 |     5 |    33 |       ||    76
       Dazzling Spray    |       |       |       |     2 |     8 |    29 ||    39
       Ozocubu's Armour  |       |       |       |     2 |       |     1 ||     3
       Invisibility      |       |       |       |       |    13 |     2 ||    15
Invok: Shadow Step       |       |       |       |     1 |     1 |       ||     2
Evoke: Wand              |       |       |       |       |     3 |     3 ||     6
       Fan of gales      |       |       |       |       |       |     1 ||     1
       Sack of spiders   |       |       |       |       |       |     1 ||     1
  Use: Scroll            |     4 |     5 |    11 |    10 |    18 |     1 ||    49
       Potion            |       |     2 |     3 |     1 |     6 |     5 ||    17
 Stab: Sleeping          |    21 |    22 |    27 |    26 |   119 |    17 ||   232
       Confused          |       |    10 |    28 |    96 |   121 |    27 ||   282
       Distracted        |       |       |     1 |     1 |    11 |     1 ||    14
       Invisible         |       |       |       |       |    59 |     5 ||    64
  Eat: Chunk             |    14 |    15 |    29 |    35 |    60 |     7 ||   160
Armor: Skin              |    12 |     3 |    12 |    15 |    23 |     6 ||    71
Dodge: Dodged            |   109 |   177 |   306 |   646 |  1277 |   374 ||  2889

Vault maps used:
D:1:      dpeg_arrival_rhombi
D:2:      first_bread, grunt_gozag_breadcrumbs
D:3:      minmay_goblin_kobold_castle, uniq_grinder
D:4:      kennysheep_decorative_pillar, kennysheep_minor_cross,
          kennysheep_another_room, hangedman_minor_gate_pass
D:5:      serial_shops, shop, uniq_pikel, uniq_duvessa
D:6:      serial_shops, nicolae_shop_behind_doors, uniq_prince_ribbit1
D:7:      the_bakery, uniq_menkaure
D:8:      minmay_statue_hallways, erik_lair_orcish_takeover,
          mrwooster_statue_mirror, grunt_decor_arrowhead, kennysheep_nondescript
D:9:      serial_shops, nicolae_shop_statue_plus
D:10:     minmay_orc_entry_guard_dogs, minmay_guarded_unrand_resistance,
          uniq_erolcha
D:11:     serial_shops, shop, grunt_ministairs_8, kennysheep_kite_vault
D:13:     erik_vaults_1, serial_shops, shop_statue
D:14:     kennysheep_cluttered_room, serial_bayou_ford_a, minivault_16
D:15:     hangedman_depths_entry_try_elsewhere_first
Temple:   compressed_dpeg_circular_temple
Lair:1:   wad_woods_stonehenge, nicolae_lair_grove_arrangements
Lair:2:   lab_entry_generic, special_room, serial_bayou_pond_e
Lair:3:   spider_nest_entry_webs, serial_bayou_shore_b, serial_bayou_shore_a
Lair:4:   regret_index_tunnel_blossom, minmay_swamp_entry_worms, st_stairs_7,
          fungi_pond_lemuel, minivault_23
Lair:5:   slime_dummy, cheibrodos_lair_lostbears
Lair:6:   due_jungle_book, basic_altar, serial_bayou_pond_c,
          eino_house_with_fridge, lemuel_fruit_tree, infiniplex_staircase_pool
Swamp:1:  basic_altar, uniq_louise
Spider:1: nicolae_spider_circle_web
Orc:1:    serial_shops, shop
Orc:2:    grunt_orc_cross, enter_volcano_4, basic_altar
Elf:1:    minmay_elf_arrival_plus, serial_shops, shop,
          kennysheep_underground_church, nicolae_elf_v_pinch
Lab:      labyrinth_hidden_loot, nicolae_lab_quarters, nicolae_lab_do_over,
          labyrinth_skeletal_remains
Volcano:  kennysheep_volcano_temple

Table legend:
 A = Turns spent in this place as a percentage of turns spent in the entire game.
 B = Non-inter-level travel turns spent in this place as a percentage of non-inter-level travel turns spent in the entire game.
 C = Inter-level travel turns spent in this place as a percentage of turns spent in this place.
 D = Turns resting spent in this place as a percentage of non-inter-level travel turns spent in this place.
 E = Turns spent auto-exploring this place as a percentage of non-inter-level travel turns spent in this place.
 F = Non-inter-level travel turns spent in this place divided by the number of levels of this place that you've seen.
                   A       B       C       D       E      F
               +-------+-------+-------+-------+-------+----------------------
         Total | 100.0 | 100.0 |   0.5 |   1.7 |   6.0 | 527.1
       Dungeon |  57.7 |  57.6 |   0.6 |   2.0 |   6.5 | 587.2
        Temple |   0.3 |   0.3 |   4.1 |   0.0 |  44.7 |  47.0
          Lair |  26.0 |  26.1 |   0.4 |   0.8 |   5.4 | 664.0
         Swamp |   0.0 |   0.0 |   0.0 |   0.0 |   0.0 |   6.0
   Spider Nest |   4.2 |   4.2 |   0.0 |   2.5 |   2.9 | 645.0
  Orcish Mines |   7.6 |   7.6 |   0.9 |   2.9 |   7.2 | 577.5
   Elven Halls |   0.5 |   0.5 |   0.0 |   0.0 |   0.0 |  70.0
     Labyrinth |   3.2 |   3.2 |   0.0 |   0.4 |   0.0 | 485.0
       Volcano |   0.6 |   0.6 |   0.0 |   0.0 |  18.4 |  87.0
               +-------+-------+-------+-------+-------+----------------------

Table legend:
 A = Kills in this place as a percentage of kills in entire the game.
 B = Kills by you in this place as a percentage of kills by you in the entire game.
 C = Kills by friends in this place as a percentage of kills by friends in the entire game.
 D = Other kills in this place as a percentage of other kills in the entire game.
 E = Experience gained in this place as a percentage of experience gained in the entire game.
 F = Experience gained in this place divided by the number of levels of this place that you have seen.
                   A       B       C       D       E      F
               +-------+-------+-------+-------+-------+----------------------
         Total | 100.0 | 100.0 | 100.0 | 100.0 | 100.0 | 6117.8
       Dungeon |  58.4 |  58.9 |  50.0 |  47.1 |  44.3 | 5235.8
          Lair |  27.2 |  27.4 |  17.9 |  29.4 |  33.1 | 9785.5
   Spider Nest |   5.2 |   5.3 |   0.0 |   5.9 |   9.9 | 17612.0
  Orcish Mines |   7.3 |   6.5 |  32.1 |  11.8 |   6.8 | 5990.5
   Elven Halls |   0.6 |   0.6 |   0.0 |   5.9 |   1.4 | 2556.0
     Labyrinth |   0.4 |   0.5 |   0.0 |   0.0 |   1.6 | 2835.0
       Volcano |   0.9 |   0.9 |   0.0 |   0.0 |   2.9 | 5182.0
               +-------+-------+-------+-------+-------+----------------------
